AoeStats
← RedPhosphoru

Arabian Desert

509462557Analyzed
1v1 RM · 7d ago on Sep 26, 2026· 31m 35s· 2 players
Game mode
Random Map
Map size
Tiny (2 player)
Population
200
Speed
Normal
Resources
Standard
Victory
Conquest
Starting age
Dark Age
Ending age
Imperial Age
RankedLock teamsTeams togetherTeam positionsShared explorationLock speedFull tech treeHidden civsTurbo modeCheats
Victory
Defeat
🇦🇷 Mongols · Argentina
2358
+23
🇺🇸 Saxons · United States
2529
-23
RedPhosphoru
8:00 Loom
10:23 Feudal Age
15:09 Castle Age
DS_Biry
10:21 Feudal Age
10:24 Man-at-Arms
10:50 Double-Bit Axe
12:19 Arson
15:53 Loom
18:58 Castle Age
18:52 Fletching
19:12 Crossbowman
22:09 Bodkin Arrow
Connection lost

Rejoining the realm…

Still unreachable

The connection could not be restored.

Session expired

The server has moved on; the page needs a fresh start.